| TOP OF THE 1ST |
|
Danville Braves batting - Pitching for Billings Mustangs : RHP Omar Vinson
|
|
Pitching: RHP Omar Vinson
|
|
|
Batting: SHB Ian Arlotta
|
0-0: Foul Ball, location: 2F 0-1: Ground out 6-3 (Groundball, 6M, EV 88.8 MPH)
|
|
Batting: LHB Oke Monti
|
0-0: Foul Ball, location: 2F 0-1: Ball 1-1: Swinging Strike 1-2: Ball 2-2: Strikes out swinging
|
|
Batting: SHB Richello Badua
|
0-0: Ball 1-0: Swinging Strike 1-1: Swinging Strike 1-2: Ball 2-2: Strikes out swinging
|
| Top of the 1st over - 0 runs, 0 hits, 0 errors, 0 left on base; Danville 0 - Billings 0 |
| BOTTOM OF THE 1ST |
|
Billings Mustangs batting - Pitching for Danville Braves : RHP Andy Britton
|
|
Pitching: RHP Andy Britton
|
|
|
Batting: RHB Cyd Carver
|
0-0: Called Strike 0-1: Ground out 4-3 (Groundball, 34, EV 90.0 MPH)
|
|
Batting: LHB Billy Guzman
|
0-0: Called Strike 0-1: Ball 1-1: Ground out U3 (Groundball, 3, EV 83.1 MPH)
|
|
Batting: LHB David Moore
|
0-0: Ball 1-0: TRIPLE (Flyball, 9D, EV 96.9 MPH)
|
|
Batting: LHB Matthew Berry
|
0-0: Ball 1-0: Ball 2-0: Ball 3-0: Called Strike 3-1: Foul Ball, location: 2F 3-2: Base on Balls
|
|
Batting: LHB Jon Goddard
|
0-0: Ground out 4-3 (Groundball, 4D, EV 90.0 MPH)
|
| Bottom of the 1st over - 0 runs, 1 hit, 0 errors, 2 left on base; Danville 0 - Billings 0 |
| TOP OF THE 2ND |
|
Danville Braves batting - Pitching for Billings Mustangs : RHP Omar Vinson
|
|
Batting: RHB Jose Ramos
|
0-0: Called Strike 0-1: Foul Ball, location: 2F 0-2: Ball 1-2: Ball 2-2: Ball 3-2: Base on Balls
|
|
Batting: SHB Gabriel Cruz
|
0-0: Foul Ball, location: 2F 0-1: Foul Ball, location: 2F 0-2: Ball 1-2: Strikes out swinging
|
|
Batting: RHB Zach Hulme
|
0-0: Ball 1-0: Called Strike 1-1: Ball 2-1: Fielders Choice at 2nd, 5-4 (Groundball, 56S, EV 85.0 MPH)
|
|
Batting: LHB Alexis Cantu
|
0-0: Called Strike Zach Hulme steals 2nd base (no throw) 0-1: Called Strike 0-2: Ball 1-2: Strikes out swinging
|
| Top of the 2nd over - 0 runs, 0 hits, 0 errors, 1 left on base; Danville 0 - Billings 0 |
| BOTTOM OF THE 2ND |
|
Billings Mustangs batting - Pitching for Danville Braves : RHP Andy Britton
|
|
Batting: RHB Hector Maldonado
|
0-0: Called Strike 0-1: Ball 1-1: Called Strike 1-2: Ball 2-2: Ball 3-2: Foul Ball, location: 2F 3-2: Fly out, F5 (Popup, 5D, EV 75.6 MPH)
|
|
Batting: RHB Jon Monteith
|
0-0: Called Strike 0-1: Ball 1-1: Ball 2-1: SINGLE (Line Drive, 89M, EV 103.1 MPH)
|
|
Batting: RHB Yutaka Sato
|
0-0: Called Strike 0-1: Swinging Strike 0-2: Fly out, F5 (Popup, 5SF, EV 83.8 MPH)
|
|
Batting: RHB Mark Ortner
|
0-0: Fly out, F7 (Flyball, 7, EV 88.1 MPH)
|
| Bottom of the 2nd over - 0 runs, 1 hit, 0 errors, 1 left on base; Danville 0 - Billings 0 |
| TOP OF THE 3RD |
|
Danville Braves batting - Pitching for Billings Mustangs : RHP Omar Vinson
|
|
Batting: RHB Yojiro Hayashi
|
0-0: Ball 1-0: Foul Ball, location: 2F 1-1: Called Strike 1-2: Strikes out looking
|
|
Batting: RHB Ingidayehu Lagat
|
0-0: Called Strike 0-1: Ball 1-1: Ball 2-1: Swinging Strike 2-2: Ball 3-2: Strikes out swinging
|
|
Batting: SHB Ian Arlotta
|
0-0: SINGLE (Line Drive, 89M, EV 105.0 MPH)
|
|
Batting: LHB Oke Monti
|
0-0: Ball Passed Ball! Ian Arlotta to second 1-0: Ball 2-0: Foul Ball, location: 2F 2-1: Called Strike 2-2: Ball 3-2: Strikes out swinging
|
| Top of the 3rd over - 0 runs, 1 hit, 0 errors, 1 left on base; Danville 0 - Billings 0 |
| BOTTOM OF THE 3RD |
|
Billings Mustangs batting - Pitching for Danville Braves : RHP Andy Britton
|
|
Batting: RHB Cyd Carver
|
0-0: Ball 1-0: Called Strike 1-1: Ball 2-1: Swinging Strike 2-2: Ball 3-2: Reached on error, E8 (Line Drive, 8RM, EV 90.6 MPH)
|
|
Batting: LHB Billy Guzman
|
0-0: Ball 1-0: Ball 2-0: Ball 3-0: Base on Balls Cyd Carver to second
|
|
Batting: LHB David Moore
|
0-0: Called Strike 0-1: Fly out, F7 (Flyball, 78D, EV 103.8 MPH) Runner from 2nd tags up, SAFE at 3rd with throw by LF
|
|
Batting: LHB Matthew Berry
|
0-0: Ball Billy Guzman is caught stealing 2nd base 2-6 1-0: Ball 2-0: Ball 3-0: Called Strike 3-1: Foul Ball, location: 2F 3-2: Base on Balls
|
|
Batting: LHB Jon Goddard
|
0-0: Ball 1-0: Ball 2-0: Ball 3-0: Base on Balls Matthew Berry to second
|
|
Batting: RHB Hector Maldonado
|
0-0: Ground out 5-3 (Groundball, 56S, EV 90.6 MPH)
|
| Bottom of the 3rd over - 0 runs, 0 hits, 1 error, 3 left on base; Danville 0 - Billings 0 |
| TOP OF THE 4TH |
|
Danville Braves batting - Pitching for Billings Mustangs : RHP Omar Vinson
|
|
Batting: SHB Richello Badua
|
0-0: Ball 1-0: Ball 2-0: Ground out 4-3 (Groundball, 4, EV 106.9 MPH)
|
|
Batting: RHB Jose Ramos
|
0-0: Ball 1-0: Ball 2-0: Ball 3-0: Base on Balls
|
|
Batting: SHB Gabriel Cruz
|
0-0: Ball 1-0: Swinging Strike 1-1: Ball 2-1: Called Strike 2-2: Ground out 3-1 (Groundball, 34S, EV 85.6 MPH) Jose Ramos to second
|
|
Batting: RHB Zach Hulme
|
0-0: Fly out, F3 (Flyball, 3D, EV 83.8 MPH)
|
| Top of the 4th over - 0 runs, 0 hits, 0 errors, 1 left on base; Danville 0 - Billings 0 |
| BOTTOM OF THE 4TH |
|
Billings Mustangs batting - Pitching for Danville Braves : RHP Andy Britton
|
|
Batting: RHB Jon Monteith
|
0-0: Ground out 4-3 (Groundball, 34D, EV 84.4 MPH)
|
|
Batting: RHB Yutaka Sato
|
0-0: Ball 1-0: Called Strike 1-1: Ball 2-1: Foul Ball, location: 2F 2-2: Ball 3-2: Base on Balls
|
|
Batting: RHB Mark Ortner
|
0-0: Ball 1-0: Foul Ball, location: 2F 1-1: Ball 2-1: Ball 3-1: Base on Balls Yutaka Sato to second
|
|
Batting: RHB Cyd Carver
|
0-0: Foul Ball, location: 2F 0-1: Ball Wild Pitch! Yutaka Sato to third Mark Ortner to second 1-1: Foul Ball, location: 2F 1-2: Foul Ball, location: 2F 1-2: Foul Ball, location: 2F 1-2: Ball 2-2: Fly out, F4 (Popup, 4M, EV 76.9 MPH)
|
|
Batting: LHB Billy Guzman
|
0-0: Ball 1-0: Called Strike 1-1: Ball 2-1: Swinging Strike 2-2: Ball 3-2: Base on Balls
|
|
Batting: LHB David Moore
|
0-0: Ball 1-0: Ball 2-0: Called Strike 2-1: Swinging Strike 2-2: Ball 3-2: Base on Balls Yutaka Sato scores Mark Ortner to third Billy Guzman to second
|
|
Batting: LHB Matthew Berry
|
0-0: Foul Ball, location: 2F 0-1: Foul Ball, location: 2F 0-2: Ball 1-2: Foul Ball, location: 2F 1-2: Fly out, F9 (Flyball, 89M, EV 85.0 MPH)
|
| Bottom of the 4th over - 1 run, 0 hits, 0 errors, 3 left on base; Danville 0 - Billings 1 |
| TOP OF THE 5TH |
|
Danville Braves batting - Pitching for Billings Mustangs : RHP Omar Vinson
|
|
Batting: LHB Alexis Cantu
|
0-0: Foul Ball, location: 2F 0-1: Ball 1-1: Called Strike 1-2: Foul Ball, location: 2F 1-2: Ball 2-2: Strikes out swinging
|
|
Batting: RHB Yojiro Hayashi
|
0-0: Called Strike 0-1: Foul Ball, location: 2F 0-2: Strikes out swinging
|
|
Batting: RHB Ingidayehu Lagat
|
0-0: DOUBLE (Groundball, 5L, EV 104.4 MPH)
|
|
Batting: SHB Ian Arlotta
|
0-0: Hit by Pitch
|
|
Batting: LHB Oke Monti
|
0-0: Called Strike 0-1: Fly out, F7 (Flyball, 78XD, EV 109.4 MPH)
|
| Top of the 5th over - 0 runs, 1 hit, 0 errors, 2 left on base; Danville 0 - Billings 1 |
| BOTTOM OF THE 5TH |
|
Billings Mustangs batting - Pitching for Danville Braves : RHP Andy Britton
|
|
Batting: LHB Jon Goddard
|
0-0: Swinging Strike 0-1: Ball 1-1: Ground out 6-3 (Groundball, 6, EV 78.8 MPH)
|
|
Batting: RHB Hector Maldonado
|
0-0: Swinging Strike 0-1: Ball 1-1: Ball 2-1: Ball 3-1: Called Strike 3-2: Strikes out swinging
|
|
Batting: RHB Jon Monteith
|
0-0: Ground out 6-3 (Groundball, 6MS, EV 83.8 MPH)
|
| Bottom of the 5th over - 0 runs, 0 hits, 0 errors, 0 left on base; Danville 0 - Billings 1 |
| TOP OF THE 6TH |
|
Danville Braves batting - Pitching for Billings Mustangs : RHP Omar Vinson
|
|
Batting: SHB Richello Badua
|
0-0: Ground out 6-3 (Groundball, 6, EV 85.0 MPH)
|
|
Batting: RHB Jose Ramos
|
0-0: Swinging Strike 0-1: Ball 1-1: Foul Ball, location: 2F 1-2: Fly out, F3 (Popup, 3S, EV 73.8 MPH)
|
|
Batting: SHB Gabriel Cruz
|
0-0: Foul Ball, location: 2F 0-1: Ball 1-1: Ground out 4-3 (Groundball, 4, EV 76.9 MPH)
|
| Top of the 6th over - 0 runs, 0 hits, 0 errors, 0 left on base; Danville 0 - Billings 1 |
| BOTTOM OF THE 6TH |
|
Billings Mustangs batting - Pitching for Danville Braves : RHP Andy Britton
|
|
Batting: RHB Yutaka Sato
|
0-0: Foul Ball, location: 2F 0-1: Called Strike 0-2: Foul Ball, location: 2F 0-2: Ball 1-2: Ball 2-2: Fly out, F9 (Flyball, 9LD, EV 103.8 MPH)
|
|
Pitching: RHP Gordon Cushing
|
|
|
Batting: RHB Mark Ortner
|
0-0: Ball 1-0: Ball 2-0: Called Strike 2-1: Called Strike 2-2: SINGLE (Groundball, 34D, EV 100.6 MPH)
|
|
Batting: RHB Cyd Carver
|
0-0: Ball 1-0: Ball 2-0: Called Strike Mark Ortner steals 2nd base 2-1: Fly out, F8 (Flyball, 89D, EV 105.0 MPH) Runner from 2nd tags up, SAFE at 3rd with throw by CF
|
|
Batting: LHB Billy Guzman
|
0-0: Swinging Strike 0-1: Called Strike 0-2: Ball 1-2: Strikes out swinging
|
| Bottom of the 6th over - 0 runs, 1 hit, 0 errors, 1 left on base; Danville 0 - Billings 1 |
| TOP OF THE 7TH |
|
Danville Braves batting - Pitching for Billings Mustangs : RHP Omar Vinson
|
|
Pitching: RHP Juan Hernandez
|
|
|
Batting: RHB Zach Hulme
|
0-0: Called Strike 0-1: Ball 1-1: Ball 2-1: Foul Ball, location: 2F 2-2: Strikes out swinging
|
|
Batting: LHB Alexis Cantu
|
0-0: Fly out, F7 (Flyball, 78M, EV 93.1 MPH)
|
|
Batting: RHB Yojiro Hayashi
|
0-0: Swinging Strike 0-1: Ball 1-1: Foul Ball, location: 2F 1-2: Foul Ball, location: 2F 1-2: Strikes out swinging
|
| Top of the 7th over - 0 runs, 0 hits, 0 errors, 0 left on base; Danville 0 - Billings 1 |
| BOTTOM OF THE 7TH |
|
Billings Mustangs batting - Pitching for Danville Braves : RHP Gordon Cushing
|
|
Pitching: RHP Jeremy Armstrong
|
|
|
Batting: LHB David Moore
|
0-0: Ball 1-0: Foul Ball, location: 2F 1-1: Ground out 4-3 (Groundball, 4S, EV 70.0 MPH)
|
|
Batting: LHB Matthew Berry
|
0-0: Ball 1-0: Called Strike 1-1: Swinging Strike 1-2: Strikes out swinging
|
|
Batting: LHB Jon Goddard
|
0-0: Ball 1-0: Foul Ball, location: 2F 1-1: Called Strike 1-2: Ground out 3-1 (Groundball, 34S, EV 85.6 MPH)
|
| Bottom of the 7th over - 0 runs, 0 hits, 0 errors, 0 left on base; Danville 0 - Billings 1 |
| TOP OF THE 8TH |
|
Danville Braves batting - Pitching for Billings Mustangs : RHP Juan Hernandez
|
|
Batting: RHB Ingidayehu Lagat
|
0-0: Foul Ball, location: 2F 0-1: Foul Ball, location: 2F 0-2: Ball 1-2: Strikes out looking
|
|
Batting: SHB Ian Arlotta
|
0-0: Foul Ball, location: 2F 0-1: Foul Ball, location: 2F 0-2: Ball 1-2: Ball 2-2: SINGLE (Flyball, 5D, EV 98.1 MPH)
|
|
Pitching: RHP Vladislav Prochazka
|
|
|
Batting: LHB Oke Monti
|
0-0: Called Strike 0-1: Called Strike 0-2: Ball 1-2: Ball 2-2: Ball 3-2: Fielders Choice at 2nd, 4-6 (Groundball, 3, EV 87.5 MPH)
|
|
Batting: SHB Richello Badua
|
0-0: Called Strike 0-1: Foul Ball, location: 2F 0-2: Ball Wild Pitch! Oke Monti to second 1-2: Foul Ball, location: 2F 1-2: Ball 2-2: Foul Ball, location: 2F 2-2: Ball 3-2: Foul Ball, location: 2F 3-2: Foul Ball, location: 2F 3-2: Foul Ball, location: 2F 3-2: Foul Ball, location: 2F 3-2: Foul Ball, location: 2F 3-2: Base on Balls
|
|
Pitching: LHP Paul Fuller
|
|
|
Batting: RHB Jose Ramos
|
0-0: Called Strike 0-1: Ball 1-1: Foul Ball, location: 2F 1-2: Ball 2-2: Ball 3-2: Strikes out swinging
|
| Top of the 8th over - 0 runs, 1 hit, 0 errors, 2 left on base; Danville 0 - Billings 1 |
| BOTTOM OF THE 8TH |
|
Billings Mustangs batting - Pitching for Danville Braves : RHP Jeremy Armstrong
|
|
Batting: RHB Hector Maldonado
|
0-0: Ball 1-0: Swinging Strike 1-1: Foul Ball, location: 2F 1-2: Ball 2-2: Fly out, F8 (Flyball, 89S, EV 81.9 MPH)
|
|
Batting: RHB Jon Monteith
|
0-0: Ground out 6-3 (Groundball, 6, EV 97.5 MPH)
|
|
Batting: RHB Yutaka Sato
|
0-0: Foul Ball, location: 2F 0-1: Called Strike 0-2: Ball 1-2: Foul Ball, location: 2F 1-2: Foul Ball, location: 2F 1-2: Ball 2-2: Strikes out swinging, 2-3 out at first.
|
| Bottom of the 8th over - 0 runs, 0 hits, 0 errors, 0 left on base; Danville 0 - Billings 1 |
| TOP OF THE 9TH |
|
Danville Braves batting - Pitching for Billings Mustangs : LHP Paul Fuller
|
|
Pitching: RHP Jaime Kijowski
|
|
|
Batting: SHB Gabriel Cruz
|
0-0: Swinging Strike 0-1: Ball 1-1: Swinging Strike 1-2: Strikes out swinging
|
|
Batting: RHB Zach Hulme
|
0-0: Called Strike 0-1: Foul Ball, location: 2F 0-2: Ground out 5-3 (Groundball, 5L, EV 88.1 MPH)
|
|
Batting: LHB Alexis Cantu
|
0-0: Called Strike 0-1: Swinging Strike 0-2: Foul Ball, location: 2F 0-2: Fly out, F7 (Flyball, 7S, EV 74.4 MPH)
|
| Top of the 9th over - 0 runs, 0 hits, 0 errors, 0 left on base; Danville 0 - Billings 1 |
|